 Dungeon Crawl Stone Soup version 0.25-a0-339-gb37b713d4c (webtiles) character file.

Game seed: 12553260028805477296, levelgen mode: deterministic

509985 mwcat2000 the Spry (level 23, -5/179 HPs)
             Began as a Demonspawn Wizard on Dec 18, 2019.
             Was a High Priest of Nemelex Xobeh.
             Slain by a tengu reaver
             ... wielding a +2 long sword of holy wrath
              (23 damage)
             ... on level 5 of the Depths on Dec 29, 2019.
             The game lasted 23:08:54 (111351 turns).

mwcat2000 the Spry (Demonspawn Wizard)            Turns: 111351, Time: 23:08:56

Health: -5/179     AC: 17    Str: 12    XL:     23   Next: 91%
Magic:  45/51      EV: 27    Int: 38    God:    Nemelex Xobeh [*****.]
Gold:   1444       SH:  8    Dex: 18    Spells: 0/52 levels left

rFire    + + +     SeeInvis +   n - +5 hand crossbow of the Firefly {venom, rPois rF+ SInv}
rCold    + . .     Gourm    .   P - +3 buckler {reflect}
rNeg     + . .     Faith    .   e - +5 robe of Night {Dark MR+ SInv}
rPois    +         Spirit   .   l - +1 hat of Contentment {*Slow Regen+ MP+9 Int+4}
rElec    +         Reflect  +   F - +2 cloak {MR+}
rCorr    +         Harm     .   h - +0 pair of gloves "Culumm" {rC+ rN+ Int+4 Dex+3}
MR       +++..                  (boots unavailable)
Stlth    ++++++....             v - amulet of magic regeneration
HPRegen  0.79/turn              f - ring of resist corrosion
MPRegen  0.57/turn              j - ring "Yxakith" {rElec rF+ Int+4 Dex+2}

@: no status effects
A: talons 3, slimy green scales 3, clever 1, demonic guardian 3, fire resistance
1, ignite blood, augmentation 1, flame cloud immunity
}: 3/15 runes: decaying, serpentine, silver
a: Draw Escape, Draw Destruction, Draw Summoning, Draw Stack, Triple Draw, Deal
Four, Stack Five, Renounce Religion


You were on level 5 of the Depths.
You worshipped Nemelex Xobeh.
Nemelex Xobeh was extremely pleased with you.
You were hungry.

You visited 10 branches of the dungeon, and saw 46 of its levels.
You visited the Abyss 1 time.

You collected 7041 gold pieces.
You spent 5597 gold pieces at shops.

Inventory:

Hand Weapons
 b - the +2 broad axe "Qigri" {elec, rF+ rN+++ Int-3 SInv}
   (You found it on level 1 of the Depths)

   Occasionally, upon striking a foe, it will discharge some electrical energy
   and cause terrible harm.
   It affects your intelligence (-3).
   It protects you from fire.
   It renders you almost immune to negative energy.
   It lets you see invisible.
 c - the +12 Vampire's Tooth {vamp}
   (You took it off a draconian annihilator on level 2 of the Depths)

   It inflicts no extra harm, but heals its wielder when it wounds a living foe.
 g - the +10 trident of Discomfort {speed, *Rage +Inv rPois Str+5}
   (You found it on level 6 of the Lair of Beasts)

   Attacks with this weapon are significantly faster.
   It affects your strength (+5).
   It protects you from poison.
   It lets you turn invisible.
   It may make you go berserk in combat.
 n - the +5 hand crossbow of the Firefly (weapon) {venom, rPois rF+ SInv}
   (You found it on level 2 of the Elven Halls)

   It poisons the ammo it fires.
   It protects you from fire.
   It protects you from poison.
   It lets you see invisible.
 x - a +6 quick blade of piercing
 S - a +1 dagger of distortion
 Y - a +6 hand axe of flaming
Missiles
 H - 841 bolts (quivered)
Armour
 e - the +5 robe of Night (worn) {Dark MR+ SInv}
   (You found it on level 2 of the Depths)

   It affects your resistance to hostile enchantments.
   It lets you see invisible.
 h - the +0 pair of gloves "Culumm" (worn) {rC+ rN+ Int+4 Dex+3}
   (You found it on level 3 of the Swamp)

   It affects your intelligence (+4).
   It affects your dexterity (+3).
   It protects you from cold.
   It protects you from negative energy.
 l - the +1 hat of Contentment (worn) {*Slow Regen+ MP+9 Int+4}
   (You found it on level 2 of the Vaults)

   It affects your intelligence (+4).
   It affects your magic capacity (+9).
   It increases your rate of regeneration.
   It may slow you when you take damage.
 F - a +2 cloak of magic resistance (worn)
 P - a +3 buckler of reflection (worn)
Jewellery
 f - a ring of resist corrosion (left hand)
 j - the ring "Yxakith" (right hand) {rElec rF+ Int+4 Dex+2}
   (You bought it in a shop on level 7 of the Dungeon)

   [ring of dexterity]

   It affects your intelligence (+4).
   It affects your dexterity (+2).
   It protects you from fire.
   It insulates you from electricity.
 v - an amulet of magic regeneration (around neck)
 B - the ring "Fimy" {rElec rC+ Dex+3 Slay-3}
   (You took it off a deep elf sorcerer on level 3 of the Elven Halls)

   [ring of protection from cold]

   It affects your dexterity (+3).
   It affects your accuracy and damage with ranged weapons and melee attacks
   (-3).
   It protects you from cold.
   It insulates you from electricity.
 I - a +4 ring of protection
 Q - the ring of Shadows {Umbra +Inv Stlth+}
   (You took it off a deep elf death mage on level 3 of the Elven Halls)

   [ring of stealth]

   It lets you turn invisible.
   It makes you more stealthy.
 U - the ring "Emoiwnue" {MR+ SInv}
   (You found it on level 3 of the Elven Halls)

   [ring of protection from magic]

   It affects your resistance to hostile enchantments.
   It lets you see invisible.
 W - the ring of Vaotso Wuoxi {+Fly Str+3 Int+3 Dex+2 Stlth+}
   (You took it off a deep elf archer on level 3 of the Elven Halls)

   [ring of flight]

   It affects your strength (+3).
   It affects your intelligence (+3).
   It affects your dexterity (+2).
   It lets you fly.
   It makes you more stealthy.
 X - the ring "Elelae" {rPois rF+ MR+ Dex+4}
   (You bought it in a shop on level 3 of the Elven Halls)

   [ring of poison resistance]

   It affects your dexterity (+4).
   It protects you from fire.
   It protects you from poison.
   It affects your resistance to hostile enchantments.
Wands
 i - a wand of scattershot (2)
 k - a wand of digging (5)
 r - a wand of acid (23)
 t - a wand of enslavement (11)
 C - a wand of clouds (5)
 E - a wand of iceblast (64)
Scrolls
 a - 3 scrolls of teleportation
 m - a scroll of blinking
 q - a scroll of vulnerability
 w - a scroll of torment
 y - 7 scrolls of identify
 A - 15 scrolls of remove curse
 D - 3 scrolls of magic mapping
 T - 6 scrolls of fog
 Z - 2 scrolls of silence
Potions
 p - 3 potions of might
 u - 3 potions of resistance
 J - 4 potions of magic
 L - 5 potions of mutation
 M - a potion of berserk rage
 N - 3 potions of curing
 R - 3 potions of brilliance
 V - a potion of cancellation
Miscellaneous
 o - a lightning rod (4/4)
 s - a phial of floods
 z - 2 boxes of beasts
 G - a sack of spiders
 K - a lamp of fire
 O - 3 phantom mirrors
Comestibles
 d - 50 rations


   Skills:
 - Level 14.6 Fighting
 - Level 7.2(7.3) Axes
   Level 0.9(4.8) Maces & Flails
   Level 1.6(1.8) Staves
   Level 6.0 Bows
 - Level 8.0 Crossbows
 - Level 5.7 Armour
 - Level 18.1 Dodging
 + Level 14.1 Stealth
 - Level 3.7 Shields
 - Level 15.2 Spellcasting
 - Level 6.5 Conjurations
 - Level 2.2 Hexes
 - Level 14.2 Summonings
 - Level 3.0 Translocations
 * Level 16.8 Fire Magic
 - Level 5.3 Ice Magic
 - Level 5.0 Air Magic
 - Level 3.0 Poison Magic
 - Level 9.9 Invocations
 - Level 6.0 Evocations


You couldn't memorise any spells.
You knew the following spells:

 Your Spells              Type           Power        Failure   Level  Hunger
a - Summon Lightning Spi  Summ/Air       #######.     1%          4    None
b - Blink                 Tloc           N/A          1%          2    None
c - Monstrous Menagerie   Summ           #######...   2%          7    ###....
d - Mephitic Cloud        Conj/Pois/Air  ######..     1%          3    None
e - Summon Forest         Summ/Tloc      #######...   1%          5    None
f - Portal Projectile     Hex/Tloc       #####.       1%          3    None
g - Sticky Flame          Conj/Fire      #######.     1%          4    None
h - Summon Ice Beast      Ice/Summ       #######.     1%          4    None
i - Fireball              Conj/Fire      #######...   1%          5    None
j - Ignite Poison         Fire/Tmut/Pois ######..     1%          3    None
k - Airstrike             Air            ######....   1%          4    None
l - Ignition              Fire           ########..   8%          8    #####..

Your spell library contained the following spells:

 Spells                   Type           Power        Failure   Level  Hunger
 Foxfire                  Conj/Fire      ####         0%          1    None
 Call Imp                 Summ           #######.     0%          2    None
 Animate Skeleton         Necr           N/A          1%          1    None
 Confusing Touch          Hex            #####.       1%          1    None
 Corona                   Hex            #####..      1%          1    None
 Freeze                   Ice            ####         1%          1    None
 Infusion                 Chrm           ####         1%          1    None
 Magic Dart               Conj           ####         1%          1    None
 Pain                     Necr           ####         1%          1    None
 Sandblast                Erth           ####..       1%          1    None
 Shock                    Conj/Air       ####         1%          1    None
 Sting                    Tmut/Pois      ####         1%          1    None
 Corpse Rot               Necr/Air       N/A          1%          2    None
 Ensorcelled Hibernation  Hex/Ice        ######       1%          2    None
 Passwall                 Tmut/Erth      ####....     1%          2    None
 Poisonous Vapours        Pois/Air       ######       1%          2    None
 Shroud of Golubria       Chrm/Tloc      #####.       1%          2    None
 Slow                     Hex            #####...     1%          2    None
 Song of Slaying          Chrm           ####....     1%          2    None
 Swiftness                Chrm/Air       #####...     1%          2    None
 Confuse                  Hex            #####...     1%          3    None
 Conjure Flame            Conj/Fire      #######.     1%          3    None
 Gell's Gravitas          Tloc           ######....   1%          3    None
 Inner Flame              Hex/Fire       #######.     1%          3    None
 Lesser Beckoning         Tloc           ######....   1%          3    None
 Ozocubu's Armour         Chrm/Ice       #####...     1%          3    None
 Recall                   Summ/Tloc      N/A          1%          3    None
 Static Discharge         Conj/Air       ######..     1%          3    None
 Stone Arrow              Conj/Erth      ######       1%          3    None
 Fulminant Prism          Conj/Hex       ######....   1%          4    None
 Hailstorm                Conj/Ice       ######..     1%          4    None
 Iskenderun's Mystic Bla  Conj/Tloc      ######..     1%          4    None
 Bolt of Magma            Conj/Fire/Erth ######....   1%          5    None
 Spectral Weapon          Hex/Chrm       #####...     2%          3    None
 Summon Greater Demon     Summ           #######...   2%          7    ###....
 Summon Hydra             Summ           #######...   2%          7    ###....
 Regeneration             Chrm/Necr      ####......   3%          3    None
 Vampiric Draining        Necr           ####......   3%          3    None
 Olgreb's Toxic Radiance  Pois           ######..     3%          4    None
 Passage of Golubria      Tloc           N/A          3%          4    None
 Lightning Bolt           Conj/Air       ######....   3%          5    None
 Cause Fear               Hex            #####.....   4%          4    None
 Ice Form                 Ice/Tmut       #####...     4%          4    None
 Metabolic Englaciation   Hex/Ice        ######....   7%          5    None
 Leda's Liquefaction      Hex/Erth       #####.....   8%          4    None
 Silence                  Hex/Air        ######....   8%          5    None
 Irradiate                Conj/Tmut      ######....   9%          5    None
 Iskenderun's Battlesphe  Conj/Chrm      ######..     9%          5    None
 Animate Dead             Necr           N/A          12%         4    None
 Petrify                  Tmut/Erth      ####....     12%         4    None
 Spellforged Servitor     Conj/Summ      #######...   14%         7    ###....
 Conjure Ball Lightning   Conj/Air       ######....   17%         6    None
 Alistair's Intoxication  Tmut/Pois      #####...     19%         5    None
 Yara's Violent Unravell  Hex/Tmut       #####.....   21%         5    None
 Summon Horrible Things   Summ           #######...   22%         8    #####..
 Malign Gateway           Summ/Tloc      #######...   28%         7    ###....
 Borgnjor's Vile Clutch   Necr/Erth      ####......   32%         5    None
 Lee's Rapid Deconstruct  Erth           ####......   32%         5    None
 Iron Shot                Conj/Erth      ######....   43%         6    None
 Dispersal                Tloc           ######....   45%         6    None
 Simulacrum               Ice/Necr       #####.....   52%         6    None
 Deflect Missiles         Chrm/Air       #####.....   54%         6    None
 Darkness                 Hex            #####.....   56%         6    None
 Invisibility             Hex            #####...     56%         6    None
 Orb of Destruction       Conj           ######....   56%         7    ###....
 Eringya's Noxious Bog    Tmut/Pois      #####.....   69%         6    None
 Death Channel            Necr           ####......   88%         6    None
 Hydra Form               Tmut           ####......   88%         6    None
 Statue Form              Tmut/Erth      ####.....    88%         6    None
 Dragon Form              Tmut           ####......   100%        7    ###....
 Controlled Blink         Tloc           N/A          100%        8    #####..
 Discord                  Hex            #####.....   100%        8    #####..
 Disjunction              Tloc           ######....   100%        8    #####..
 Shatter                  Erth           ####......   100%        9    ######.
 Tornado                  Air            ######....   100%        9    ######.


Dungeon Overview and Level Annotations

Branches:
Dungeon (15/15)            Temple (1/1) D:6            Lair (6/6) D:11
  Swamp (4/4) Lair:2        Snake (4/4) Lair:4        Slime (0/5) Lair:6
    Orc (2/2) D:9             Elf (3/3) Orc:2        Vaults (5/5) D:14
  Crypt (0/3) Vaults:3     Depths (5/5) D:15           Hell (visited)
    Dis: Hell:1         Geh: Hell:1         Coc: Hell:1         Tar: Hell:1
    Zot: Depths:5

Altars:
Ashenzari
Cheibriados
Dithmenos
Elyvilon
Fedhas
Gozag
Hepliaklqana
Kikubaaqudgha
Makhleb
Nemelex Xobeh
Okawaru
Qazlal
Ru
Sif Muna
Trog
Uskayaw
Vehumet
Wu Jian
Xom
Yredelemnul
Zin
The Shining One
Beogh
Jiyva

Shops:
D:4 [   D:7 :=   Orc:2 %%%[   Elf:1 !}   Elf:3 =   Snake:1 =}}   Vaults:1 ?
Vaults:3 *

Portals:
Hell: Depths:1 Depths:2 Depths:3 Depths:4
Abyss: Depths:2 Depths:4
Pandemonium: Depths:3

Annotations:
Hell Geryon


Innate Abilities, Weirdness & Mutations

You have claws for feet.
You are completely covered in slimy green scales. (AC +4, rPois)
A powerful demonic guardian rushes to your aid.
Your flesh is heat resistant. (rF+)
Your demonic aura causes spilled blood to erupt in flames.
Your magical and physical power is slightly enhanced at high health.
You are immune to clouds of flame.
Your mind is acute. (Int +2)


Message History

Aim: a tengu reaver, wielding a +2 long sword of holy wrath, wearing a +4 scale mail of magic resistance and wearing a +0 buckler (flame, heavily wounded)
The sticky flame hits the tengu reaver!
The tengu reaver is severely wounded.
The tengu reaver is covered in liquid flames!
You are engulfed in freezing vapours.
You resist.
The tengu reaver burns!
The tengu reaver is engulfed in blazing flames.
The tengu reaver hits you with a +2 long sword of holy wrath!!
You convulse!!
* * * LOW HITPOINT WARNING * * *
The tengu reaver pecks you.
* * * LOW HITPOINT WARNING * * *
The tengu reaver closely misses you.
Casting: Sticky Flame (safe; 1% risk of failure)
Confirm with . or Enter, or press ? or * to list all spells.
You blink.
You are engulfed in freezing vapours.
You resist.
* * * LOW HITPOINT WARNING * * *
The tengu reaver burns!
The tengu reaver hits you with a +2 long sword of holy wrath!!
You die...
Your body glows slightly and disappears.

########## ..?.......
...#...##
..###...#+######♣
................######♣###
#.).).#.........†......(.i
#.._..##.....).......)(...
#.).).#......*.†.(..†....i
..............○○@[†.......
..###..).<..°.°Q°.[(...♣..
...#...#########..........
#.....######## #######♣♣.u
#####........# #........#
#........##### ##
#...#'####...#####..
#......÷.........'.


You could see a tengu reaver (burning) and a battlesphere.

Vanquished Creatures
  A juggernaut (Depths:3)
  A profane servitor (Abyss:1)
  A golden dragon (Vaults:1)
  2 bone dragons (Abyss:1)
  The ghost of Ducki the Executioner, an adept DDFi of Makhleb (Elf:2)
  5 tentacled monstrosities
  A hellephant (Abyss:1)
  4 liches
  A quicksilver dragon (Vaults:5)
  A deep elf blademaster (Elf:2)
  A titan (Vaults:5)
  2 deep elf master archers (Elf:3)
  A sphinx (Depths:3)
  5 tengu reavers
  4 storm dragons
  3 tentacled starspawn
  2 shadow dragons (Vaults:5)
  A thorn hunter (Swamp:4)
  Roxanne (Elf:1)
  A draconian monk (Depths:2)
  An azure jelly (Elf:3)
  4 nagarajas (Snake:4)
  9 frost giants
  A ghost moth (Vaults:5)
  6 fire giants
  Louise (Snake:1)
  A cacodemon (Abyss:4)
  5 vault wardens
  Aizul (Elf:1)
  A deep elf elementalist (Elf:1)
  9 ironheart preservers
  2 draconian annihilators
  4 spriggan defenders
  2 war gargoyles
  12 very ugly things
  2 entropy weavers (Depths:2)
  2 vampire knights (Depths:4)
  A caustic shrike skeleton (Depths:2)
  13 stone giants
  3 deep elf annihilators
  5 deep elf demonologists
  3 spark wasps
  A yellow draconian (Abyss:1)
  A minotaur (shapeshifter) (Vaults:5)
  A dire elephant (Lair:6)
  Snorg (Orc:1)
  3 deep elf death magi
  5 ettins
  A blizzard demon (Abyss:4)
  2 green deaths (Swamp:4)
  8 yaktaur captains
  6 great orbs of eyes
  4 deep elf high priests
  2 jiangshi (Depths:4)
  3 rakshasas
  A fire dragon (Depths:2)
  11 ice dragons
  5 vault guards (Vaults:5)
  A spriggan air mage (Depths:3)
  A catoblepas (Lair:6)
  9 hydras
  4 naga warriors
  A shambling mangrove (Swamp:3)
  A quicksilver dragon skeleton (Abyss:1)
  A ghost crab (Swamp:4)
  4 anacondas
  12 two-headed ogres
  The ghost of will825x2 the Frost Mage, a journeyman BaIE of Sif Muna (Lair:2)
  28 dancing weapons
  2 death yaks (Lair:6)
  9 alligators
  10 centaur warriors
  5 vampire magi
  5 spriggan berserkers
  6 deep troll earth magi
  An orc high priest (Orc:2)
  2 tengu warriors
  7 ogre magi
  6 thrashing horrors
  5 deep troll shamans
  12 small abominations
  A soul eater (Depths:3)
  3 naga sharpshooters
  8 shock serpents
  2 hell knights
  7 wretched stars
  12 deep elf knights
  2 shadow wraiths
  2 skeletal warriors
  A storm dragon skeleton (Vaults:5)
  A death drake (Vaults:5)
  3 unseen horrors
  2 spriggan druids
  A salamander mystic (Snake:4)
  2 swamp dragons
  16 deep trolls
  4 phantasmal warriors
  3 flayed ghosts
  10 deep elf archers
  2 wizards
  A death drake (shapeshifter) (Depths:3)
  2 naga ritualists (Snake:4)
  3 glowing orange brains
  2 ironbrand convokers
  2 starcursed masses (Abyss:5)
  A lindwurm (Lair:4)
  3 mana vipers
  3 necromancers
  9 orc knights
  2 stone giant zombies (Vaults:5)
  A wolf spider (Vaults:1)
  3 fire giant zombies (Depths:4)
  3 salamanders (Snake:3)
  5 orc sorcerers
  18 ugly things
  3 frost giant zombies
  36 deep elf magi
  6 worldbinders
  4 cyclopes
  7 elephants
  A salamander (shapeshifter) (Depths:1)
  2 naga magi (Snake:2)
  2 rust devils (Depths:3)
  10 vault sentinels
  A water nymph (shapeshifter) (D:15)
  Psyche (D:8)
  18 black mambas
  A smoke demon (Depths:3)
  A torpor snail (Lair:3)
  A gargoyle (D:7)
  15 spiny frogs
  A spiny frog (shapeshifter) (Depths:2)
  3 centaur skeletons
  12 yaktaurs
  A rime drake (shapeshifter) (D:15)
  A human zombie (Vaults:5)
  2 ancient zymes (Abyss:1)
  2 freezing wraiths
  3 komodo dragons
  2 tengu conjurers
  2 trolls
  2 meliai (Abyss:3)
  A troll (shapeshifter) (Depths:3)
  A jumping spider (Vaults:5)
  A jumping spider (shapeshifter) (Vaults:3)
  A queen bee (Lair:3)
  15 hornets
  A tengu simulacrum (Vaults:3)
  3 tyrant leeches
  2 polar bears
  A polar bear (shapeshifter) (Depths:1)
  18 blink frogs
  42 slime creatures
  2 bog bodies
  A sphinx simulacrum (Vaults:1)
  5 raiju (Abyss:1)
  A frost giant simulacrum (Vaults:1)
  A hippogriff (shapeshifter) (Elf:1)
  8 hippogriffs
  14 flying skulls
  10 large abominations
  A tarantella (Vaults:4)
  3 meliai zombies
  2 ynoxinuls (Abyss:3)
  6 shadows
  4 wyverns
  8 spriggans
  5 air elementals
  A hog (shapeshifter) (Vaults:2)
  2 basilisks
  5 wraiths
  9 humans
  13 yaks
  2 fire bats (Abyss:2)
  2 vampires (Vaults:3)
  3 hogs (D:7)
  7 water elementals
  3 hungry ghosts
  A basilisk (shapeshifter) (Vaults:4)
  A golden eye (Elf:3)
  3 fire elementals
  3 chaos spawn
  5 neqoxecs
  10 vampire mosquitoes
  3 wargs
  11 nagas
  16 insubstantial wisps
  10 swamp worms
  A soldier ant (shapeshifter) (Vaults:1)
  7 water moccasins
  4 porcupines
  A floating eye (Depths:5)
  2 black bears (Lair:6)
  5 swamp drakes
  2 ice beasts
  27 orc warriors
  18 ogres
  A sky beast (D:7)
  6 phantoms
  6 wolves (Lair:6)
  12 boggarts
  2 centaurs
  8 crocodiles
  14 bullfrogs
  A wyvern zombie (D:13)
  2 earth elementals (Elf:1)
  2 scorpions
  35 killer bees
  7 wights
  3 howler monkeys (D:10)
  An electric eel (Lair:4)
  3 crimson imps
  4 centaur zombies
  2 quasits
  A jelly (D:11)
  5 hounds
  21 orc priests
  2 iguanas
  2 bullfrog skeletons
  35 orc wizards
  5 worker ants
  2 hound zombies
  A worker ant zombie (D:5)
  An adder (shapeshifter) (Depths:2)
  3 gnolls (D:7)
  4 adders
  3 shadow imps
  2 white imps
  An ufetubus (Depths:3)
  2 adder zombies
  4 worms
  An adder skeleton (D:4)
  A ball lightning (Vaults:5)
  2 dart slugs
  A dart slug (shapeshifter) (Vaults:5)
  3 leopard geckos
  71 orcs
  A ball python (D:3)
  11 bats
  6 giant cockroaches
  5 goblins
  3 hobgoblins
  12 jackals
  5 kobolds
  3 quokkas
  A ball python zombie (D:5)
  2 frilled lizards
  4 rats
  A spectral orc (D:5)
  A crawling corpse (Elf:3)
  A fungus (Lair:6)
  A plant (Lair:4)
  A snaplasher vine (Depths:5)
1269 creatures vanquished.

Vanquished Creatures (collateral kills)
  2 ancient liches
  4 caustic shrikes
  2 golden dragons
  Jory (Depths:4)
  A hellephant (Abyss:1)
  A lich (Abyss:1)
  Rupert (D:13)
  5 tentacled monstrosities
  A deep elf blademaster (Elf:3)
  2 titans (Vaults:5)
  2 deep elf master archers (Elf:3)
  Gastronok (Lair:1)
  2 sphinxes
  2 thorn hunters
  3 shadow dragons
  2 tentacled starspawn
  3 tengu reavers (Vaults:5)
  A storm dragon (Depths:2)
  Kirke (Elf:1)
  5 frost giants
  8 nagarajas
  5 deep elf sorcerers
  7 fire giants
  2 deep elf elementalists (Elf:3)
  2 iron dragons (Depths:5)
  An emperor scorpion (Snake:3)
  9 vault wardens
  13 very ugly things
  18 ironheart preservers
  A spriggan defender (Depths:1)
  A reaper (Depths:3)
  7 stone giants
  The ghost of Culupred the Grappler, a journeyman DrTm of Gozag (Lair:6)
  2 entropy weavers
  Nessos (Orc:2)
  3 deep elf demonologists
  A lorocyproca (Abyss:1)
  2 vampire knights (Depths:4)
  Azrael (D:14)
  3 deep elf annihilators
  7 ettins
  6 deep elf death magi
  2 spark wasps
  Josephine (Snake:1)
  7 fire dragons
  4 yaktaur captains
  A green death (Abyss:1)
  15 ogre magi
  3 deep elf high priests
  5 great orbs of eyes
  4 jiangshi (Depths:4)
  Erolcha (Orc:1)
  5 naga warriors
  16 vault guards
  A shambling mangrove (Swamp:2)
  3 ice dragons
  A hydra (shapeshifter) (Elf:1)
  5 hydras
  3 rakshasas
  A catoblepas (Lair:2)
  2 alligator snapping turtles
  5 anacondas
  2 death knights (Vaults:1)
  2 centaur warriors
  3 alligators
  A tengu warrior (Depths:5)
  2 queen ants (Vaults:5)
  23 two-headed ogres
  5 deep troll shamans
  A two-headed ogre (shapeshifter) (Depths:2)
  4 death yaks
  A dancing weapon (Elf:2)
  6 deep troll earth magi
  9 thrashing horrors
  4 naga sharpshooters
  2 vampire magi
  An orc high priest (Vaults:2)
  3 spriggan berserkers
  2 shock serpents
  11 deep elf knights
  6 salamander mystics
  A spatial maelstrom (Abyss:4)
  A titan skeleton (Abyss:1)
  9 large abominations
  2 sixfirhies (Abyss:4)
  4 wretched stars
  A shadow wraith (Vaults:3)
  10 hell knights
  A glowing orange brain (Depths:2)
  4 flayed ghosts
  2 fire crabs (shapeshifter)
  3 skeletal warriors (D:13)
  A spark wasp zombie (Depths:2)
  18 deep trolls
  4 swamp dragons
  12 deep elf archers
  4 phantasmal warriors
  11 naga ritualists
  10 ironbrand convokers
  4 wizards
  4 harpies (Vaults:2)
  8 orc knights
  5 necromancers
  37 deep elf magi
  2 manticores
  A wolf spider (Vaults:5)
  A shining eye (shapeshifter) (Vaults:4)
  7 cyclopes
  2 orc sorcerers
  25 ugly things
  6 mana vipers
  11 salamanders
  16 vault sentinels
  2 frost giant zombies (Depths:4)
  A black mamba (shapeshifter) (Depths:2)
  22 naga magi
  5 guardian serpents
  5 elephants (Lair:6)
  An apocalypse crab (Abyss:1)
  A gargoyle (D:14)
  2 water nymphs (shapeshifter)
  A smoke demon (Abyss:4)
  8 black mambas
  7 orange demons
  4 spiny frogs
  A rime drake (Lair:5)
  A komodo dragon (Lair:2)
  An efreet (Abyss:1)
  2 freezing wraiths
  17 yaktaurs
  2 demonic crawlers
  3 ancient zymes (Abyss:4)
  2 tengu simulacra
  4 trolls
  14 hornets
  6 tyrant leeches
  32 slime creatures
  2 blink frogs
  5 hippogriffs
  7 bog bodies
  4 raiju (Abyss:1)
  An ettin zombie (Abyss:1)
  A snapping turtle (Vaults:3)
  A frost giant simulacrum (Abyss:1)
  A redback (shapeshifter) (Depths:2)
  11 spriggans
  11 flying skulls
  2 water elementals (Depths:1)
  A vampire (Vaults:3)
  10 small abominations
  A wraith (Snake:1)
  3 fire elementals
  8 humans
  3 neqoxecs
  17 yaks
  A basilisk (shapeshifter) (Depths:2)
  5 hogs
  A hungry ghost (Abyss:1)
  A yaktaur simulacrum (Vaults:3)
  3 insubstantial wisps (Abyss:4)
  6 swamp worms
  2 wargs (Vaults:1)
  2 soldier ants (shapeshifter)
  48 nagas
  An acid dragon (D:13)
  3 water moccasins
  A floating eye (shapeshifter) (Vaults:3)
  3 hell hounds (D:14)
  15 orc warriors
  A sky beast (D:5)
  An ice beast (D:13)
  5 swamp drakes
  A black bear (D:9)
  A phantom (D:14)
  A boggart (shapeshifter) (Vaults:5)
  A boggart (D:15)
  2 eyes of draining
  32 ogres
  A tengu (Swamp:3)
  4 centaurs
  A crocodile (D:11)
  A big kobold (shapeshifter) (Elf:3)
  A big kobold (D:13)
  5 bullfrogs
  6 killer bees
  An electric eel (D:7)
  5 howler monkeys
  3 crimson imps
  2 centaur zombies
  A starcursed mass (Abyss:1)
  2 hounds
  6 orc wizards
  10 orc priests
  An iron imp (Abyss:1)
  3 jellies
  A bullfrog skeleton (D:10)
  3 iguanas
  Terence (D:2)
  6 worker ants
  A hell rat (Depths:2)
  5 gnolls
  8 adders
  2 shadow imps
  A white imp (Depths:3)
  2 ufetubi
  An adder skeleton (D:5)
  A worm (D:3)
  5 dart slugs (D:5)
  A leopard gecko (D:2)
  40 orcs
  2 bats (D:3)
  3 goblins
  A hobgoblin (D:3)
  4 jackals
  2 quokkas (D:9)
  4 kobolds
  A quokka zombie (D:7)
  2 rats (D:2)
  3 briar patches (Swamp:2)
  2 crawling corpses (Elf:3)
  4 fungi
  2 starspawn tentacles (Abyss:4)
1074 creatures vanquished.

Vanquished Creatures (others)
  2 stone giants (Depths:3)
  A yaktaur captain (Depths:3)
  A dancing weapon (Elf:2)
  An unseen horror (shapeshifter) (Abyss:4)
  A deep troll (Depths:1)
  A centaur zombie (D:14)
  4 yaktaurs
  A shadow (Swamp:4)
  A fire elemental (Elf:2)
  A golden eye (Abyss:4)
  A naga (Snake:4)
  An eye of draining (shapeshifter) (Depths:2)
  A boggart (D:15)
  2 humans
  An orc (Orc:1)
  A bush (Lair:3)
  A crawling corpse (Elf:3)
  A fire vortex (Vaults:2)
  5 fungi
  2 lurking horrors (Abyss:1)
  39 plants
  6 snaplasher vines (Depths:5)
  8 starspawn tentacles
83 creatures vanquished.

Grand Total: 2426 creatures vanquished

Notes
Turn   | Place    | Note
-------+----------+-------------------------------------------
     0 | D:1      | mwcat2000 the Demonspawn Wizard began the quest for the
                  | Orb.
     0 | D:1      | Reached XP level 1. HP: 13/13 MP: 4/4
   410 | D:1      | Reached skill level 1 in Fighting
   410 | D:1      | Reached skill level 2 in Dodging
   533 | D:2      | Gained mutation: A weak demonic guardian rushes to your
                  | aid. [demonic ancestry]
   533 | D:2      | Reached XP level 2. HP: 18/21 MP: 6/6
   537 | D:2      | Learned a level 2 spell: Blink
   540 | D:2      | Learned a level 2 spell: Call Imp
   686 | D:2      | Found a glowing silver altar of Zin.
   758 | D:2      | Found a sparkling altar of Nemelex Xobeh.
   766 | D:2      | Became a worshipper of Nemelex Xobeh the Trickster
   775 | D:2      | Received a gift from Nemelex Xobeh
   940 | D:2      | Found an ornate altar of the Wu Jian Council.
  1268 | D:2      | Gained mutation: You have sharp toenails. [demonic
                  | ancestry]
  1268 | D:2      | Reached XP level 3. HP: 26/26 MP: 2/7
  1506 | D:2      | Noticed Terence
  1523 | D:2      | Killed Terence
  1743 | D:2      | Found a snail-covered altar of Cheibriados.
  1961 | D:2      | Found an ancient bone altar of Kikubaaqudgha.
  2160 | D:3      | Reached XP level 4. HP: 26/33 MP: 5/8
  2324 | D:3      | Reached * piety under Nemelex Xobeh
  2332 | D:3      | Reached skill level 3 in Dodging
  2337 | D:3      | Learned a level 3 spell: Mephitic Cloud
  2360 | D:3      | Noticed a bullfrog
  2365 | D:3      | Killed a bullfrog
  2365 | D:3      | Reached skill level 1 in Axes
  2417 | D:3      | Found a sacrificial altar of Ru.
  2659 | D:3      | Reached XP level 5. HP: 33/41 MP: 9/9
  2778 | D:3      | Received a gift from Nemelex Xobeh
  2955 | D:3      | Found a blossoming altar of Fedhas.
  3329 | D:4      | Found Petayfos's Armour Shoppe.
  3637 | D:4      | Noticed a phantom
  3669 | D:4      | Killed a phantom
  3669 | D:4      | Reached XP level 6. HP: 38/49 MP: 4/10
  3699 | D:4      | Reached ** piety under Nemelex Xobeh
  3717 | D:4      | Received a gift from Nemelex Xobeh
  4191 | D:5      | Entered Level 5 of the Dungeon
  4259 | D:5      | Reached skill level 1 in Poison Magic
  4546 | D:5      | Reached skill level 1 in Air Magic
  4578 | D:5      | Found a sparkling altar of Nemelex Xobeh.
  5677 | D:5      | Gained mutation: You have razor-sharp toenails. [demonic
                  | ancestry]
  5677 | D:5      | Reached XP level 7. HP: 44/55 MP: 4/11
  5986 | D:5      | Reached skill level 4 in Dodging
  5986 | D:5      | Reached skill level 1 in Translocations
  6415 | D:5      | Found a shadowy altar of Dithmenos.
  6653 | D:5      | Found a hazy altar of Hepliaklqana.
  6794 | D:5      | Received a gift from Nemelex Xobeh
  6848 | D:5      | Found a basalt altar of Yredelemnul.
  7126 | D:6      | Got a pitted leather armour
  7137 | D:6      | Identified the cursed +0 leather armour of the Meadowlark
                  | {Int-2 Dex+8 Slay+5} (You found it on level 6 of the
                  | Dungeon)
  7207 | D:6      | Found an opulent altar of Gozag.
  7353 | D:6      | Found a shattered altar of Ashenzari.
  7369 | D:6      | Found a staircase to the Ecumenical Temple.
  7396 | Temple   | Entered the Ecumenical Temple
  7769 | D:6      | Reached *** piety under Nemelex Xobeh
  7863 | D:6      | Gained mutation: You have claws for feet. [demonic
                  | ancestry]
  7863 | D:6      | Reached XP level 8. HP: 55/61 MP: 10/12
  7870 | D:6      | Reached skill level 5 in Dodging
  8406 | D:6      | Learned a level 2 spell: Slow
  8412 | D:7      | Found Ygyfifu's Jewellery Boutique.
  8420 | D:7      | Bought the ring "Yxakith" {rElec rF+ Int+4 Dex+2} for 516
                  | gold pieces
  8520 | D:6      | Reached skill level 1 in Hexes
  9091 | D:7      | Reached skill level 1 in Invocations
 10016 | D:7      | Noticed a gargoyle
 10123 | D:7      | Found Segeabein's Book Emporium.
 10512 | D:7      | Reached skill level 5 in Invocations
 10512 | D:7      | Gained mutation: You are partially covered in slimy green
                  | scales. (AC +2) [demonic ancestry]
 10512 | D:7      | Reached XP level 9. HP: 56/66 MP: 11/15
 10567 | D:7      | Found a radiant altar of Vehumet.
 10943 | D:8      | Received a gift from Nemelex Xobeh
 10970 | D:8      | Reached skill level 5 in Spellcasting
 11384 | D:8      | Found an ancient bone altar of Kikubaaqudgha.
 11487 | D:7      | Killed a gargoyle
 11717 | D:8      | Received a gift from Nemelex Xobeh
 11766 | D:8      | Noticed Psyche
 11777 | D:8      | Killed Psyche
 12174 | D:9      | Reached skill level 1 in Armour
 12317 | D:9      | Received a gift from Nemelex Xobeh
 12319 | D:9      | Reached **** piety under Nemelex Xobeh
 12426 | D:9      | Reached skill level 1 in Evocations
 12517 | D:9      | Reached XP level 10. HP: 73/73 MP: 15/20
 12932 | D:9      | Found a staircase to the Orcish Mines.
 12937 | Orc:1    | Entered Level 1 of the Orcish Mines
 13090 | D:10     | Entered Level 10 of the Dungeon
 13108 | D:10     | Learned a level 3 spell: Conjure Flame
 13249 | D:10     | Noticed a cyclops
 13272 | D:10     | Killed a cyclops
 13411 | D:10     | Reached skill level 5 in Fighting
 13511 | D:10     | Received a gift from Nemelex Xobeh
 13544 | D:10     | Noticed a deep elf mage
 13553 | D:10     | Killed a deep elf mage
 14294 | D:11     | Noticed a white ugly thing
 14360 | D:10     | Reached skill level 6 in Dodging
 14694 | D:11     | Noticed a cyclops
 14753 | D:11     | Killed a cyclops
 15411 | D:11     | HP: 3/76 [something (4)]
 15416 | D:11     | HP: 3/76 [something (1)]
 15422 | D:11     | You fall into a shaft and drop 1 floor!
 15900 | D:12     | Received a gift from Nemelex Xobeh
 15947 | D:12     | Noticed a manticore
 15953 | D:12     | Noticed a deep elf mage
 15962 | D:12     | Killed a deep elf mage
 15962 | D:12     | Reached skill level 7 in Dodging
 15964 | D:12     | Killed a manticore
 15975 | D:12     | Got a slimy leather armour
 15992 | D:12     | Found Raxeusch's Magic Scroll Emporium.
 15999 | D:12     | Identified the cursed +1 leather armour of Nadu {rN+ MR++}
                  | (You found it on level 12 of the Dungeon)
 16304 | D:12     | Noticed a centaur warrior
 16382 | D:12     | Noticed a white ugly thing
 16442 | D:12     | Gained mutation: Your flesh is heat resistant. (rF+)
                  | [demonic ancestry]
 16442 | D:12     | Reached XP level 11. HP: 83/83 MP: 11/21
 16640 | Orc:1    | Reached ***** piety under Nemelex Xobeh
 16641 | Orc:1    | Noticed an orc knight
 16651 | Orc:1    | Learned a level 3 spell: Confuse
 16667 | Orc:1    | Noticed an orc sorcerer
 16947 | D:9      | Killed an orc knight
 16947 | D:9      | Reached skill level 8 in Dodging
 17070 | Orc:1    | Noticed an orc knight
 17073 | Orc:1    | Killed an orc sorcerer
 17085 | Orc:1    | Killed an orc knight
 17240 | Orc:2    | Entered Level 2 of the Orcish Mines
 17259 | Orc:2    | Received a gift from Nemelex Xobeh
 17642 | Orc:2    | Noticed an orc sorcerer
 17654 | Orc:2    | Noticed Nessos
 17662 | Orc:2    | Identified the +2 long sword of Ticwieq {freeze, MR+ Dex+3}
 17665 | Orc:2    | Killed an orc sorcerer
 17672 | Orc:2    | Killed Nessos
 17753 | Orc:2    | Reached skill level 9 in Dodging
 17886 | Orc:2    | Found a staircase to the Elven Halls.
 17938 | Orc:2    | Noticed an orc sorcerer
 17941 | Orc:2    | Noticed an orc high priest
 18040 | Orc:2    | Noticed a soul eater
 18041 | Orc:2    | Noticed a sixfirhy
 18198 | Orc:2    | Paralysed by an orc sorcerer for 7 turns
 18215 | Orc:1    | Killed an orc sorcerer
 18685 | Orc:2    | Killed an orc high priest
 18799 | Orc:2    | Noticed an orc sorcerer
 19000 | Orc:2    | Noticed an orc sorcerer
 19010 | Orc:2    | Killed an orc sorcerer
 19027 | Orc:2    | Killed an orc sorcerer
 19261 | Orc:2    | Found Ykeqiamn's Armour Boutique.
 19261 | Orc:2    | Found Ystul's Food Shop.
 19261 | Orc:2    | Found Tiwemu Home's Food Shop.
 19261 | Orc:2    | Noticed an orc sorcerer
 19265 | Orc:2    | Found Fisaz's Food Boutique.
 19270 | Orc:2    | Killed an orc sorcerer
 19270 | Orc:2    | Reached skill level 10 in Dodging
 19396 | Orc:2    | Received a gift from Nemelex Xobeh
 19403 | Orc:2    | Found a shimmering altar of Xom.
 19796 | Orc:1    | Found a bloodstained altar of Trog.
 19846 | Orc:1    | Noticed Erolcha
 19857 | Orc:1    | Noticed Snorg
 19886 | Orc:1    | Killed Snorg
 19886 | Orc:1    | Reached XP level 12. HP: 61/96 MP: 2/22
 19888 | Orc:1    | Killed Erolcha
 19944 | Orc:1    | Found a roughly hewn altar of Beogh.
 20170 | D:11     | Found a staircase to the Lair.
 20371 | D:7      | Bought a book of Flames for 490 gold pieces
 20371 | D:7      | Bought a book of Frost for 490 gold pieces
 20376 | D:7      | Learned a level 4 spell: Sticky Flame
 20381 | D:7      | Learned a level 4 spell: Summon Ice Beast
 20636 | D:11     | Reached skill level 1 in Fire Magic
 20636 | D:11     | Reached skill level 1 in Ice Magic
 21035 | Lair:1   | Entered Level 1 of the Lair of Beasts
 21110 | Lair:1   | Received a gift from Nemelex Xobeh
 21285 | Lair:1   | Noticed Gastronok
 21301 | Lair:1   | Killed Gastronok
 22059 | Lair:2   | Received a gift from Nemelex Xobeh
 22080 | Lair:2   | Found a staircase to the Swamp.
 22082 | Lair:2   | Noticed a catoblepas
 22108 | Lair:2   | Killed a catoblepas
 22434 | Lair:2   | Noticed will825x2's ghost (journeyman BaIE)
 22438 | Lair:2   | Found a runed translucent door.
 22715 | Lair:2   | Received a gift from Nemelex Xobeh
 23268 | Lair:3   | Received a gift from Nemelex Xobeh
 23362 | Lair:3   | Reached ****** piety under Nemelex Xobeh
 23571 | Lair:3   | Reached skill level 5 in Ice Magic
 23674 | Lair:3   | Received a gift from Nemelex Xobeh
 23899 | Lair:2   | Reached skill level 5 in Fire Magic
 24637 | Lair:4   | Received a gift from Nemelex Xobeh
 24887 | Lair:4   | Noticed a death yak
 24890 | Lair:4   | Noticed a death yak
 24903 | Lair:4   | Killed a death yak
 24921 | Lair:4   | Killed a death yak
 25354 | Lair:4   | Found a staircase to the Snake Pit.
 25955 | Lair:5   | Reached XP level 13. HP: 100/103 MP: 19/24
 26010 | Lair:5   | Received a gift from Nemelex Xobeh
 26314 | Lair:4   | Identified a scroll of acquirement
 26348 | Lair:4   | Got a translucent lapis lazuli ring
 26349 | Lair:4   | Identified the ring "Jicw" {Dex+2 SInv} (You acquired it on
                  | level 4 of the Lair of Beasts)
 26754 | Lair:4   | Reached skill level 5 in Axes
 27600 | Lair:5   | Reached skill level 5 in Conjurations
 28216 | Lair:5   | Received a gift from Nemelex Xobeh
 28404 | Lair:6   | Entered Level 6 of the Lair of Beasts
 28765 | Lair:6   | Reached skill level 10 in Fighting
 28902 | Lair:6   | Found a staircase to the Slime Pits.
 28902 | Lair:6   | Found a viscous altar of Jiyva.
 28930 | Lair:6   | Received a gift from Nemelex Xobeh
 28938 | Lair:6   | Noticed Culupred's ghost (journeyman DrTm)
 28939 | Lair:6   | Found a runed translucent gate.
 28939 | Lair:6   | Found a runed translucent gate.
 28940 | Lair:6   | Found a runed translucent gate.
 29475 | Lair:6   | Received a gift from Nemelex Xobeh
 29899 | Lair:6   | Reached skill level 1 in Bows
 30587 | Lair:6   | Noticed a dire elephant
 30602 | Lair:6   | Killed a dire elephant
 30744 | Lair:6   | Identified the +1 shortbow of the Hawk {freeze, rElec rC+
                  | Stlth+} (You found it on level 6 of the Lair of Beasts)
 30746 | Lair:6   | Identified the +10 trident of Discomfort {speed, *Rage +Inv
                  | rPois Str+5} (You found it on level 6 of the Lair of
                  | Beasts)
 30899 | Snake:1  | Entered Level 1 of the Snake Pit
 32061 | Swamp:1  | Entered Level 1 of the Swamp
 32145 | Swamp:1  | Received a gift from Nemelex Xobeh
 32168 | Swamp:1  | Reached skill level 5 in Bows
 32329 | Swamp:1  | Gained mutation: A demonic guardian rushes to your aid.
                  | [demonic ancestry]
 32329 | Swamp:1  | Reached XP level 14. HP: 92/113 MP: 19/25
 33265 | Swamp:1  | Received a gift from Nemelex Xobeh
 33870 | Swamp:1  | Reached skill level 5 in Evocations
 35786 | Swamp:2  | Received a gift from Nemelex Xobeh
 36264 | Swamp:2  | Noticed a thorn hunter
 36273 | Swamp:2  | Killed a thorn hunter
 36273 | Swamp:2  | Reached skill level 11 in Dodging
 36938 | Swamp:3  | Identified the +0 pair of gloves "Culumm" {rC+ rN+ Int+4
                  | Dex+3} (You found it on level 3 of the Swamp)
 37006 | Swamp:3  | Received a gift from Nemelex Xobeh
 38577 | Lair:2   | Learned a level 5 spell: Fireball
 38844 | Swamp:4  | Entered Level 4 of the Swamp
 39105 | Swamp:4  | Reached skill level 12 in Dodging
 39819 | Swamp:3  | Noticed a thorn hunter
 39819 | Swamp:3  | a shambling mangrove changed into a thorn hunter
 39823 | Swamp:3  | Killed a thorn hunter
 40426 | Swamp:4  | Gained mutation: Your magical and physical power is
                  | slightly enhanced at high health. [demonic ancestry]
 40426 | Swamp:4  | Reached XP level 15. HP: 119/119 MP: 20/27
 40427 | Swamp:4  | Received a gift from Nemelex Xobeh
 40500 | Swamp:4  | Noticed a thorn hunter
 40507 | Swamp:4  | Killed a thorn hunter
 40637 | Swamp:4  | Reached skill level 13 in Dodging
 41574 | Snake:1  | Found the +3 robe of Folly {Archmagi, MR-- Int+5}
 41606 | Snake:1  | Received a gift from Nemelex Xobeh
 41897 | Snake:1  | Noticed Louise
 41973 | Snake:1  | Killed Louise
 42066 | Snake:1  | Found Beixuast's Gadget Emporium.
 42068 | Snake:1  | Found Yjuvizio's Jewellery Shop.
 42068 | Snake:1  | Noticed Josephine
 42070 | Snake:1  | Found Toitearch's Gadget Emporium.
 42101 | Snake:1  | Killed Josephine
 42131 | Snake:1  | Identified the +8 whip "Daagattoete" {freeze, rPois} (You
                  | found it on level 1 of the Snake Pit)
 42471 | Snake:2  | Got a pitted scale mail
 42509 | Snake:1  | Identified the cursed +1 scale mail "Yshruo" {rN+ Regen+
                  | MP+9 Dex+3} (You found it on level 2 of the Snake Pit)
 42816 | Snake:3  | Received a gift from Nemelex Xobeh
 43370 | Snake:2  | Noticed a nagaraja
 43498 | Snake:2  | Noticed a nagaraja
 43544 | Snake:2  | Found a glowing golden altar of the Shining One.
 43586 | Snake:2  | Reached skill level 14 in Dodging
 43656 | Snake:2  | Received a gift from Nemelex Xobeh
 44394 | Snake:2  | Killed a nagaraja
 44500 | Snake:3  | Noticed a nagaraja
 45399 | D:7      | Bought a book of the Sky for 910 gold pieces
 45467 | D:9      | Learned a level 4 spell: Summon Lightning Spire
 45472 | D:9      | Learned a level 3 spell: Ozocubu's Armour
 45712 | D:11     | Received a gift from Nemelex Xobeh
 47174 | D:13     | Received a gift from Nemelex Xobeh
 48562 | D:13     | You fall into a shaft and drop 1 floor!
 48917 | D:14     | Found a gate to the Vaults.
 48917 | D:14     | Noticed Rupert
 48917 | D:14     | Paralysed by Rupert for 3 turns
 48939 | D:13     | Killed Rupert
 49107 | D:14     | Noticed Azrael
 49611 | Swamp:4  | Noticed a tentacled monstrosity
 49881 | Snake:3  | Killed a nagaraja
 49881 | Snake:3  | Reached XP level 16. HP: 109/126 MP: 16/28
 49914 | Snake:3  | Reached skill level 5 in Air Magic
 50089 | Snake:3  | Found a stormy altar of Qazlal.
 50116 | Snake:3  | Received a gift from Nemelex Xobeh
 50893 | Snake:3  | Reached skill level 5 in Armour
 51003 | Snake:3  | Noticed Asterion
 51004 | Snake:3  | Noticed Asterion
 51004 | Snake:3  | Asterion changed into Asterion the emperor scorpion
 51018 | Snake:3  | Killed Asterion the emperor scorpion
 51145 | Snake:4  | Entered Level 4 of the Snake Pit
 52571 | Snake:4  | Received a gift from Nemelex Xobeh
 52782 | Snake:4  | Reached skill level 15 in Dodging
 55217 | Snake:4  | Got a serpentine rune of Zot
 56322 | Swamp:4  | Killed a tentacled monstrosity
 56712 | Swamp:4  | Got a decaying rune of Zot
 57441 | D:14     | Killed Azrael
 57791 | D:14     | Gained mutation: You are mostly covered in slimy green
                  | scales. (AC +3) [demonic ancestry]
 57791 | D:14     | Reached XP level 17. HP: 137/137 MP: 19/29
 57908 | D:14     | Reached skill level 16 in Dodging
 58272 | D:15     | Entered Level 15 of the Dungeon
 58337 | D:15     | Received a gift from Nemelex Xobeh
 58550 | D:15     | Upgraded the game from 0.25-a0-294-gea9b1ad378 to
                  | 0.25-a0-302-g9f758675c1
 58971 | Vaults:1 | Entered Level 1 of the Vaults
 58983 | D:14     | Reached skill level 1 in Staves
 59439 | D:15     | Found a staircase to the Depths.
 59625 | Depths:1 | Entered Level 1 of the Depths
 60018 | Vaults:1 | Received a gift from Nemelex Xobeh
 60370 | Vaults:1 | Noticed a golden dragon
 60371 | Vaults:1 | Reached skill level 1 in Shields
 60384 | Vaults:1 | Identified the -2 hand axe "Q" {venom, Str+2 Dex-3 Stlth+}
 60398 | Vaults:1 | Killed a golden dragon
 61577 | Vaults:1 | Found Goaz's Magic Scroll Shop.
 61913 | Vaults:1 | Received a gift from Nemelex Xobeh
 62874 | D:7      | Bought a book of Debilitation for 560 gold pieces
 62993 | Lair:2   | Learned a level 3 spell: Portal Projectile
 63056 | Lair:2   | Killed will825x2's ghost
 63259 | Lair:6   | Killed Culupred's ghost
 63866 | Vaults:1 | Reached skill level 17 in Dodging
 63866 | Vaults:1 | Reached skill level 5 in Summonings
 64284 | Vaults:2 | Received a gift from Nemelex Xobeh
 64349 | Vaults:2 | Paralysed by a great orb of eyes for 5 turns
 66565 | Vaults:2 | Identified the +1 hat of Contentment {*Slow Regen+ MP+9
                  | Int+4} (You found it on level 2 of the Vaults)
 66701 | Vaults:2 | Reached XP level 18. HP: 141/145 MP: 17/30
 67019 | Vaults:2 | Received a gift from Nemelex Xobeh
 68895 | D:12     | Bought a scroll of enchant armour for 112 gold pieces
 70521 | Vaults:3 | Received a gift from Nemelex Xobeh
 72654 | Vaults:3 | Received a gift from Nemelex Xobeh
 72658 | Vaults:3 | Found Ykyaw's Assorted Antiques.
 73065 | Vaults:3 | Found a staircase to the Crypt.
 74210 | Vaults:4 | Received a gift from Nemelex Xobeh
 74407 | Vaults:4 | Reached skill level 18 in Dodging
 74535 | Vaults:4 | Reached skill level 10 in Summonings
 74706 | Vaults:4 | Upgraded the game from 0.25-a0-302-g9f758675c1 to
                  | 0.25-a0-306-g3faca94807
 75389 | Vaults:4 | Gained mutation: You are agile. (Dex +2) [a shining eye]
 75408 | Vaults:4 | Noticed a lich
 75534 | Vaults:4 | Killed a lich
 76280 | Depths:1 | Reached XP level 19. HP: 151/151 MP: 28/31
 76289 | Depths:1 | Learned a level 7 spell: Monstrous Menagerie
 76390 | Depths:1 | Found a gateway to Hell.
 76451 | Depths:1 | Received a gift from Nemelex Xobeh
 76967 | Depths:1 | Identified the cursed +1 morningstar of the Warrior-Mage
                  | {crush, +Inv rElec Str+3 Dex-4}
 78107 | D:12     | Bought a scroll of enchant armour for 112 gold pieces
 78107 | D:12     | Bought 2 scrolls of teleportation for 90 gold pieces
 78107 | D:12     | Bought a scroll of enchant armour for 112 gold pieces
 78296 | Elf:1    | Entered Level 1 of the Elven Halls
 78854 | Elf:1    | Found Havecs's Gadget Emporium.
 78917 | Elf:1    | Received a gift from Nemelex Xobeh
 79480 | Elf:1    | Identified Roxanne's Handbook of the Mountains
 79480 | Elf:1    | Noticed Roxanne
 79615 | Elf:1    | Killed Roxanne
 79674 | Elf:1    | Received a gift from Nemelex Xobeh
 79843 | Elf:1    | Found Reisa's Distillery.
 79851 | Elf:1    | Bought a potion of curing for 57 gold pieces
 80022 | Elf:1    | Noticed Kirke
 80036 | Elf:1    | Killed Kirke
 80355 | Elf:2    | Noticed a Brimstone Fiend
 80780 | Elf:2    | Found a runed translucent door.
 80780 | Elf:2    | Found a shimmering altar of Xom.
 80780 | Elf:2    | Noticed Ducki's ghost (adept DDFi)
 80808 | Elf:2    | Noticed Aizul
 80838 | Elf:1    | Killed Aizul
 81028 | Elf:2    | Reached skill level 10 in Spellcasting
 81283 | Elf:2    | Found a runed translucent gate.
 81283 | Elf:2    | Found a runed translucent gate.
 81283 | Elf:2    | Found a runed translucent gate.
 81346 | Elf:2    | Received a gift from Nemelex Xobeh
 81676 | Elf:2    | Got a fine hand crossbow
 81898 | D:12     | Identified the +5 hand crossbow of the Firefly {venom,
                  | rPois rF+ SInv} (You found it on level 2 of the Elven
                  | Halls)
 82150 | Elf:3    | Entered Level 3 of the Elven Halls
 82802 | Elf:2    | Received a gift from Nemelex Xobeh
 83530 | Elf:2    | Noticed Saint Roka
 83533 | Elf:2    | Noticed Saint Roka
 83533 | Elf:2    | Saint Roka changed into Saint Roka the stone giant
 83537 | Elf:2    | Killed Saint Roka the stone giant
 83586 | Elf:2    | Received a gift from Nemelex Xobeh
 84459 | Elf:3    | Found Ozaced's Jewellery Shop.
 84566 | Elf:3    | Identified the +6 glaive "Fagoimuf" {elec, rN+}
 84960 | Elf:3    | Received a gift from Nemelex Xobeh
 85219 | Elf:3    | Identified the -1 long sword of Bankruptcy {vamp, MR+
                  | Dex+3}
 85298 | Elf:3    | Identified the +1 robe of Zaejosed {rCorr}
 85298 | Elf:3    | Identified the ring of Vaotso Wuoxi {+Fly Str+3 Int+3 Dex+2
                  | Stlth+}
 85497 | Elf:3    | Gained mutation: You are immune to clouds of flame.
                  | [demonic ancestry]
 85497 | Elf:3    | Reached XP level 20. HP: 87/158 MP: 20/35
 86058 | Elf:3    | Identified the cursed +0 war axe of Fimbulwinter {chop, rN+
                  | Int+5 Dex-5}
 86074 | Elf:3    | Reached skill level 1 in Crossbows
 86077 | Elf:3    | Identified the ring "Fimy" {rElec rC+ Dex+3 Slay-3}
 86214 | Elf:3    | Identified the amulet "Zavimosk" {Acrobat rN+ Dex+2}
 86308 | Elf:3    | Identified Qixaisch's Disquisition on Enhancements and
                  | Enchantment
 86322 | Elf:3    | Identified the -2 cloak "Fixim" {rElec} (You found it on
                  | level 3 of the Elven Halls)
 86337 | Elf:3    | Identified the ring "Emoiwnue" {MR+ SInv} (You found it on
                  | level 3 of the Elven Halls)
 86345 | Elf:3    | Identified Athixeuw's Reference Book on Displaced Talismans
 86358 | Elf:3    | Identified the Guide on Cankerous Protection
 86363 | Elf:3    | Identified the +10 fustibalus of World's End {velocity,
                  | *Corrode +Inv rF+ rC+} (You found it on level 3 of the
                  | Elven Halls)
 86367 | Elf:3    | Identified the +0 ice dragon scales of Qazlal's Vengeance
                  | {rF- rC++ rN+ Stlth+} (You found it on level 3 of the Elven
                  | Halls)
 86512 | Elf:3    | Learned a level 3 spell: Ignite Poison
 87181 | Elf:3    | Identified the amulet "Daafept" {rElec rPois Regen+}
 87906 | Vaults:5 | Entered Level 5 of the Vaults
 88047 | Vaults:5 | Reached skill level 5 in Crossbows
 88504 | Vaults:5 | Received a gift from Nemelex Xobeh
 88552 | Vaults:5 | Identified the ring "Filesch" {Int+2 SInv}
 88670 | Vaults:5 | Identified the ring "Befick" {+Fly Stlth+}
 88758 | Vaults:5 | Noticed an ancient lich
 88759 | Vaults:5 | Identified the -2 quarterstaff of Doors {protect, rElec MR+
                  | MP+9}
 88765 | Vaults:5 | Killed an ancient lich
 88934 | Vaults:4 | Upgraded the game from 0.25-a0-306-g3faca94807 to
                  | 0.25-a0-308-geac79542e2
 90379 | Elf:2    | Killed Ducki's ghost
 91584 | Depths:1 | Learned a level 4 spell: Airstrike
 91588 | Depths:1 | Got a crude broad axe
 91877 | Vaults:3 | Identified the +2 broad axe "Qigri" {elec, rF+ rN+++ Int-3
                  | SInv} (You found it on level 1 of the Depths)
 92334 | Elf:3    | Bought the ring "Elelae" {rPois rF+ MR+ Dex+4} for 720 gold
                  | pieces
 92916 | Depths:2 | Gained mutation: Your demonic aura causes spilled blood to
                  | erupt in flames. [demonic ancestry]
 92916 | Depths:2 | Reached XP level 21. HP: 166/166 MP: 37/37
 92950 | Depths:2 | Found a one-way gate to the infinite horrors of the Abyss.
 92964 | Depths:2 | Received a gift from Nemelex Xobeh
 93327 | Depths:2 | Noticed a golden dragon
 93337 | Depths:2 | Killed a golden dragon
 93382 | Depths:1 | Upgraded the game from 0.25-a0-308-geac79542e2 to
                  | 0.25-a0-310-g60f0ac2d9a
 94306 | Vaults:3 | Bought a scroll of teleportation for 102 gold pieces
 94306 | Vaults:3 | Bought a scroll of teleportation for 102 gold pieces
 94306 | Vaults:3 | Bought a scroll of blinking for 255 gold pieces
 94837 | Vaults:5 | Noticed a golden dragon
 94851 | Vaults:5 | Killed a golden dragon
 94851 | Vaults:5 | Reached skill level 10 in Fire Magic
 94936 | Vaults:5 | Identified the +8 hand axe of Xeucweut {chop, rF+ rC+
                  | Dex+3}
 95097 | Vaults:5 | Received a gift from Nemelex Xobeh
 95711 | Vaults:5 | Reached skill level 15 in Spellcasting
 96215 | Vaults:5 | Learned a level 8 spell: Ignition
 96364 | Vaults:5 | Got a silver rune of Zot
 96469 | Vaults:5 | Identified the +4 rapier "Qidghopt" {freeze, rPois rF+}
                  | (You found it on level 5 of the Vaults)
 96902 | Vaults:5 | Identified the +0 robe of Cocytus {Slay+3} (You found it on
                  | level 5 of the Vaults)
 96968 | Vaults:5 | Got a smoking quarterstaff
 96983 | Vaults:5 | Identified the +10 quarterstaff of Mastery {antimagic,
                  | Int+3} (You found it on level 5 of the Vaults)
 97961 | Depths:2 | Found the +5 robe of Night {Dark MR+ SInv}
 97970 | Depths:2 | Noticed an ancient lich
 98141 | Depths:2 | Killed an ancient lich
 98262 | Depths:2 | Gained mutation: You are completely covered in slimy green
                  | scales. (AC +4, rPois) [demonic ancestry]
 98262 | Depths:2 | Reached XP level 22. HP: 126/173 MP: 41/41
 98711 | Elf:1    | Bought a potion of curing for 57 gold pieces
 98711 | Elf:1    | Bought a potion of heal wounds for 95 gold pieces
 98711 | Elf:1    | Bought a potion of heal wounds for 95 gold pieces
 98711 | Elf:1    | Bought a potion of haste for 190 gold pieces
 98711 | Elf:1    | Bought 2 potions of curing for 114 gold pieces
 99571 | Hell     | Entered the Vestibule of Hell
 99573 | Hell     | Noticed Geryon
 99988 | Depths:3 | Noticed a juggernaut
100014 | Depths:3 | Received a gift from Nemelex Xobeh
100696 | Depths:3 | Killed a juggernaut
100946 | Depths:3 | Reached skill level 5 in Stealth
101514 | Depths:3 | Found a one-way gate leading to the halls of Pandemonium.
101832 | Depths:3 | Identified the Almanac of the Snowflakes and Air
101870 | Depths:3 | Found the +2 shield of Resistance {rF+ rC+ MR+}
102047 | Depths:3 | Found a glowing golden altar of the Shining One.
102625 | Depths:4 | Noticed a caustic shrike
102649 | Depths:3 | Killed a caustic shrike
102785 | Depths:3 | Reached skill level 15 in Fire Magic
103977 | Depths:4 | Voluntarily entered the Abyss.
104081 | Abyss:1  | Received a gift from Nemelex Xobeh
104195 | Abyss:1  | Reached skill level 10 in Stealth
104354 | Abyss:1  | Received a gift from Nemelex Xobeh
104718 | Abyss:1  | Gained mutation: A powerful demonic guardian rushes to your
                  | aid. [demonic ancestry]
104718 | Abyss:1  | Reached XP level 23. HP: 144/175 MP: 42/42
104799 | Abyss:1  | Received a gift from Nemelex Xobeh
105026 | Abyss:1  | Found a corrupted altar of Lugonu.
105060 | Abyss:1  | Learned a level 5 spell: Summon Forest
105266 | Abyss:1  | Paralysed by accursed screaming for 1 turns
105269 | Abyss:1  | Upgraded the game from 0.25-a0-310-g60f0ac2d9a to
                  | 0.25-a0-316-gd28d56f9c5
105542 | Abyss:1  | Received a gift from Nemelex Xobeh
105938 | Abyss:1  | Lost mutation: You are agile. (Dex +2) [a neqoxec]
105938 | Abyss:1  | Gained mutation: You are frail. (-10% HP) [a neqoxec]
106128 | Abyss:2  | Received a gift from Nemelex Xobeh
106196 | Abyss:3  | Upgraded the game from 0.25-a0-316-gd28d56f9c5 to
                  | 0.25-a0-339-gb37b713d4c
106247 | Abyss:3  | Received a gift from Nemelex Xobeh
106248 | Abyss:3  | Found a corrupted altar of Lugonu.
106267 | Abyss:3  | HP: 8/187 [rock wall collision (8)]
106271 | Abyss:3  | HP: 3/125 [thrashing horror (4)]
106278 | Abyss:3  | HP: 5/125 [stone wall collision (13)]
106626 | Abyss:4  | Gained mutation: Your body sometimes deteriorates upon
                  | taking damage. [a neqoxec]
106750 | Abyss:4  | Gained mutation: Your spells are a little easier to cast,
                  | but a little less powerful. [a cacodemon]
106761 | Abyss:4  | HP: 8/161 [thrashing horror (11)]
106951 | Abyss:4  | Received a gift from Nemelex Xobeh
107049 | Abyss:5  | Entered Level 5 of the Abyss
107152 | Depths:4 | Escaped the Abyss
107519 | Vaults:1 | Bought a scroll of teleportation for 66 gold pieces
107519 | Vaults:1 | Bought a scroll of vulnerability for 165 gold pieces
107630 | D:12     | Bought a scroll of torment for 112 gold pieces
107630 | D:12     | Bought a scroll of teleportation for 45 gold pieces
107630 | D:12     | Bought a scroll of identify for 30 gold pieces
108123 | Vaults:3 | Lost mutation: Your spells are a little easier to cast, but
                  | a little less powerful. [potion of mutation]
108123 | Vaults:3 | Lost mutation: You are extremely frail. (-30% HP) [potion
                  | of mutation]
108123 | Vaults:3 | Lost mutation: Your body often deteriorates upon taking
                  | damage. [potion of mutation]
108123 | Vaults:3 | Gained mutation: You expend magic power (3 MP) to
                  | strengthen your wands. [potion of mutation]
108506 | Lair:6   | Lost mutation: You expend magic power (3 MP) to strengthen
                  | your wands. [potion of mutation]
108506 | Lair:6   | Gained mutation: Your mind is acute. (Int +2) [potion of
                  | mutation]
109293 | Depths:4 | Noticed Jory
109308 | Depths:4 | Killed Jory
109795 | Depths:4 | Found an ancient bone altar of Kikubaaqudgha.
109811 | Depths:4 | Identified the +8 quarterstaff of Fate {holy, MR- Str+7}
                  | (You found it on level 4 of the Depths)
110265 | Depths:5 | Entered Level 5 of the Depths
110579 | Depths:5 | Found an iron altar of Okawaru.
110589 | Depths:5 | Identified the +1 robe of the Lobster {*Slow rN+ rCorr
                  | Dex+6} (You found it on level 5 of the Depths)
110842 | Depths:5 | Noticed a caustic shrike
110846 | Depths:5 | Noticed a caustic shrike
110849 | Depths:5 | Noticed a caustic shrike
110849 | Depths:5 | Noticed a caustic shrike
110849 | Depths:5 | Killed a caustic shrike
110849 | Depths:5 | Noticed a caustic shrike
110853 | Depths:5 | Killed a caustic shrike
111248 | Depths:5 | Killed a caustic shrike
111351 | Depths:5 | Slain by a tengu reaver

Levels and vault maps discovered:
D:1:      tarquinn_simple_flora_water_a, layout_rooms
D:2:      layout_basic, cheibriados_altar_1, nemelex_altar_shiori,
          nicolae_overflow_hidden_temple, zin_scriptorium, old_standard_altar,
          uniq_terence
D:3:      layout_loops_ring, nicolae_ru_sacrificial_ziggurat, fedhas_altar_4
D:4:      layout_layer_cave, serial_shops, shop, first_ration
D:5:      kennysheep_slugbush, layout_basic, grunt_dithmenos_smoke,
          kennysheep_mini, yredelemnul_forgotten_temple_becter,
          nemelex_spade_bored_becter
D:6:      layout_cave_pods, marbit_many_paths, minmay_temple_entry_glass,
          eino_small_chamber_without_monster, hangedman_abyss_or_decor_stagger,
          ashenzari_altar_1
D:7:      cheibrodos_helix_gallery, layout_loops_ring, vehumet_altar_wand_db,
          serial_shops, shop, shop, grunt_livestock
D:8:      layout_basic, nicolae_two_hexagons, tgw_kikubaaqudgha, uniq_psyche
D:9:      layout_cave_pods, orc_0_dummy
D:10:     layout_stronghold, minmay_misc_feat_tower, minmay_misc_feat_x
D:11:     layout_basic, david_lair_generic, minmay_fire_ice_demons
D:12:     layout_cave_pods, serial_shops, shop_scrolls
D:13:     layout_irregular_city, nicolae_underground_beach
D:14:     layout_roguey, david_vaults_3, minmay_fountain_box, uniq_azrael
D:15:     gammafunk_enter_depths_forms, layout_rooms, minmay_misc_feat_roman
Temple:   eino_wide_crystal_templ
Lair:1:   layout_cave_pods, grunt_megastairs_4, uniq_gastronok
Lair:2:   layout_regular_city, swamp_mist_pool, hellmonk_ghost_happy_afterlife
Lair:3:   layout_roguey, special_room [special_room_bee],
          small_statue_intersection
Lair:4:   cheibrodos_lair_overgrown_chateau, layout_cave_pods,
          guppyfry_snake_entry_island, beast_lair_carwin_3
Lair:5:   layout_regular_city, minivault_26
Lair:6:   grunt_lair_end_beastmaster, layout_misc_corridors, slime_altar_1,
          gammafunk_ghost_split, chequers_serial_rivers_micro_e,
          fungi_pond_lemuel, chequers_serial_rivers_marsh
Swamp:1:  layout_falls_marsh, hangedman_swamp_blocks, swamp_pool1
Swamp:2:  layout_basic_swamp, infiniplex_staircase_pool, swamp_pool1
Swamp:3:  layout_basic_swamp, evilmike_swamp_ruin_house_4, swamp_pool5
Swamp:4:  swamp_vile, layout_basic_swamp
Snake:1:  layout_grid_shapes, serial_bayou_pond_c, nrook_loot_triangle,
          st_stairs_8, drop_trap, nicolae_snake_round_shape_thing,
          minmay_shop_grove, lemuel_fruit_tree, uniq_josephine, uniq_louise
Snake:2:  cheibrodos_snake_ritualist_ritual, layout_gridlike, basic_altar
Snake:3:  layout_onion_interference, basic_altar, st_stairs_1,
          grunt_megastairs_5, uniq_asterion
Snake:4:  johnstein_snake_rune_scales, layout_cave_town
Orc:1:    layout_diamond_mine, basic_altar, trog_hazing_becter, uniq_erolcha,
          uniq_snorg
Orc:2:    st_orc_mages, layout_caves, basic_altar, uniq_nessos, uniq_rupert
Elf:1:    eino_elf_arrival_sip, layout_onion_city, serial_shops, shop, shop,
          minivault_28, uniq_roxanne, uniq_kirke
Elf:2:    layout_geoelf_diagonals, mu_enter_wizlab_4, ebering_ghost_xom,
          minmay_strange_pillars, fountainhead, uniq_saint_roka, uniq_aizul
Elf:3:    minmay_elf_hall_quartered_circle, layout_gridlike, serial_shops, shop
Vaults:1: hangedman_vaults_pinch, v_misc_3, nicolae_vaults_back_hallway,
          st_diamondy, hangedman_vaults_nodes, vaults_standard_mumra_lines,
          nicolae_vaults_twisting_passages, vaults_dpeg_hooks, v_misc_13,
          layout_vaults_omnigrid, serial_shops, nicolae_shop_stone
Vaults:2: vaults_room_grid, v_pattern_2, v_rooms_5, vaults_room_semicircle,
          grunt_vaults_hallway_long, vaults_room_hallway, v_misc_18,
          special_room_vaults [special_room_orc], hangedman_vaults_stitches,
          nicolae_vaults_little_squares_5, vaults_mumra_hex, v_rooms_1,
          layout_vaults_maze_snakey
Vaults:3: grunt_vaults_twisty, nicolae_vaults_angled_halls,
          hangedman_vaults_hat, hangedman_vaults_variations,
          minmay_crypt_entry_vampire_xt, nicolae_vaults_big_ls,
          nicolae_vaults_network_star, nicolae_vaults_windows_and_doors_thing,
          ontoclasm_vaults_shuriken, vaults_dpeg_diagonal, vaults_dpeg_ring,
          vaults_dpeg_encased_lava, layout_vaults_ring, serial_shops, shop
Vaults:4: hangedman_vaults_restitches, v_misc_30, grunt_vaults_hallway_short,
          v_misc_26, dpeg_vaults_monster_box, nicolae_vaults_specimen_jars,
          layout_vaults_big_room
Vaults:5: serial_shops
Depths:1: layout_cave_pools, hell_entry, minmay_door_square,
          kennysheep_another_room, chequers_serial_rivers_small_b, minivault_12
Depths:2: hangedman_pleasuredromes, hell_entry, abyss_entry, serial_shops
Depths:3: hangedman_cross_cluster, layout_basic, grunt_pan_entry_zigzag,
          hell_entry, tso_altar
Depths:4: lemuel_vampire_tower, layout_basic, hell_entry,
          abyss_entry_small_statue_room, minmay_microvault,
          infiniplex_staircase_hallway_doors
Depths:5: evilmike_zot_entry_hall, layout_basic, enter_ziggurat_b,
          hangedman_coc_ice_floe, okawaru_ov_weapons_minmay,
          serial_bayou_shore_a, grunt_megastairs_3
Hell

Skill      XL: |  1  2  3  4  5  6  7  8  9 10 11 12 13 14 15 16 17 18 19 20 21 22 23 |
---------------+----------------------------------------------------------------------+-----
Fighting       | 1 2 3 4 6 9 11 13 14 | 14.6
Dodging        | 2 3 4 5 7 10 12 14 15 17 18 | 18.1
Stealth        | 2 10 14 | 14.1
Axes           | 1 4 6 7 |  7.2
Poison Magic   | 2 3 |  3.0
Air Magic      | 1 2 4 5 |  5.0
Translocations | 1 3 |  3.0
Conjurations   | 3 5 6 |  6.5
Hexes          | 2 |  2.2
Invocations    | 5 7 9 |  9.9
Spellcasting   | 4 7 8 11 12 15 | 15.2
Armour         | 1 3 5 |  5.7
Evocations     | 2 3 4 6 |  6.0
Summonings     | 2 4 7 10 14 | 14.2
Fire Magic     | 5 6 8 13 15 16 | 16.8
Ice Magic      | 5 |  5.3
Bows           | 5 6 |  6.0
Staves         | 1 |  1.6
Shields        | 3 |  3.7
Crossbows      | 8 |  8.0
Maces & Flails | |  0.9

Action                   |  1- 3 |  4- 6 |  7- 9 | 10-12 | 13-15 | 16-18 | 19-21 | 22-24 || total
-------------------------+-------+-------+-------+-------+-------+-------+-------+-------++-------
Melee: Hand axe          |    93 |    35 |       |   401 |   276 |   206 |    95 |   318 ||  1424
       Unarmed           |     1 |       |       |       |       |       |       |       ||     1
       Kick              |     7 |    31 |    72 |   168 |   345 |   329 |   299 |   367 ||  1618
       Whip              |       |   101 |   211 |    56 |       |    39 |    19 |       ||   426
       Dagger            |       |     8 |    26 |       |       |       |       |       ||    34
       Battleaxe         |       |       |       |    23 |    12 |       |       |       ||    35
       Dire flail        |       |       |       |     5 |    11 |       |       |       ||    16
       Trident           |       |       |       |       |   423 |   386 |   356 |   261 ||  1426
       Staff             |       |       |       |       |    21 |     9 |       |       ||    30
       War axe           |       |       |       |       |       |   106 |    13 |       ||   119
       Quick blade       |       |       |       |       |       |       |    18 |   108 ||   126
       Broad axe         |       |       |       |       |       |       |   142 |   210 ||   352
 Fire: Shortbow          |       |       |       |    86 |   192 |   116 |     1 |       ||   395
       Hand crossbow     |       |       |       |       |       |       |   436 |   279 ||   715
       Arbalest          |       |       |       |       |       |       |     4 |       ||     4
Throw: Stone             |       |       |       |     1 |       |       |       |       ||     1
       Boomerang         |       |       |       |       |       |     1 |       |       ||     1
 Cast: Magic Dart        |    18 |    11 |     1 |       |       |       |       |       ||    30
       Call Imp          |    12 |    60 |    71 |    93 |    65 |       |       |       ||   301
       Mephitic Cloud    |       |     3 |    16 |    83 |    57 |    95 |    90 |    29 ||   373
       Blink             |       |     2 |    10 |    40 |    33 |    37 |    67 |    60 ||   249
       Slow              |       |       |    11 |       |     7 |       |       |       ||    18
       Conjure Flame     |       |       |       |    41 |    70 |    27 |    26 |       ||   164
       Confuse           |       |       |       |     8 |     4 |       |       |       ||    12
       Summon Ice Beast  |       |       |       |     3 |   306 |   572 |   347 |    59 ||  1287
       Sticky Flame      |       |       |       |     2 |    10 |    10 |    19 |    56 ||    97
       Fireball          |       |       |       |       |    20 |    58 |    34 |     9 ||   121
       Summon Lightning  |       |       |       |       |    28 |   224 |   170 |   103 ||   525
       Ozocubu's Armour  |       |       |       |       |     1 |     1 |       |       ||     2
       Portal Projectile |       |       |       |       |       |    11 |    65 |    47 ||   123
       Monstrous Menager |       |       |       |       |       |       |    44 |    84 ||   128
       Ignite Poison     |       |       |       |       |       |       |     3 |     3 ||     6
       Airstrike         |       |       |       |       |       |       |     6 |     1 ||     7
       Summon Forest     |       |       |       |       |       |       |       |    10 ||    10
       Ignition          |       |       |       |       |       |       |       |     3 ||     3
Invok: Stack Five        |       |       |       |       |     1 |       |     1 |       ||     2
       Deal Four         |       |       |       |       |     1 |     2 |    10 |     1 ||    14
       Triple Draw       |       |       |       |       |       |       |       |     1 ||     1
 Abil: Draw Summoning    |       |       |     4 |    11 |    11 |    11 |     3 |     5 ||    45
       Draw Destruction  |       |       |     4 |    11 |     8 |     4 |    11 |     2 ||    40
       Draw Escape       |       |       |       |     3 |     1 |       |       |     1 ||     5
       Draw Stack        |       |       |       |       |     2 |       |       |     3 ||     5
       Evoke Invisibilit |       |       |       |       |       |     1 |       |       ||     1
Evoke: Wand              |       |       |       |     1 |     5 |     1 |    20 |     2 ||    29
       Lamp of fire      |       |       |       |       |       |       |     2 |       ||     2
       Box of beasts     |       |       |       |       |       |       |       |     1 ||     1
       Phantom mirror    |       |       |       |       |       |       |       |     1 ||     1
  Use: Scroll            |     1 |     6 |    18 |    20 |    33 |    19 |    31 |    16 ||   144
       Potion            |       |       |     4 |     5 |    12 |     8 |    17 |    11 ||    57
 Stab: Distracted        |     1 |     1 |     2 |     8 |    11 |     5 |    12 |    18 ||    58
       Sleeping          |       |     1 |     2 |     3 |     4 |     4 |     1 |     5 ||    20
       Confused          |       |       |     5 |    34 |    20 |    29 |     7 |     9 ||   104
       Invisible         |       |       |       |       |       |       |     2 |       ||     2
       Petrifying        |       |       |       |       |       |       |     1 |       ||     1
       Paralysed         |       |       |       |       |       |       |       |     4 ||     4
  Eat: Chunk             |     4 |     8 |    18 |    31 |    46 |    54 |    33 |    21 ||   215
       Ration            |       |     2 |     2 |     4 |    11 |    10 |    14 |    10 ||    53
Armor: Robe              |    21 |    34 |     6 |       |    42 |    76 |       |   165 ||   344
       Leather armour    |       |       |    24 |    82 |    85 |     1 |    96 |       ||   288
       Ring mail         |       |       |       |       |       |    75 |     6 |       ||    81
       Scale mail        |       |       |       |       |       |     7 |    98 |       ||   105
Dodge: Dodged            |    80 |   105 |   173 |   476 |   883 |   723 |   873 |  1282 ||  4595
Block: Buckler           |       |       |       |       |       |    71 |   266 |   493 ||   830
       Reflection        |       |       |       |       |       |    12 |    38 |    12 ||    62

Table legend:
 A = Non-vault XP
 B = Vault XP
 C = Vault XP percentage of total XP
 D = Non-vault monster count
 E = Vault monster count
 F = Vault count percentage of total count
                 A         B        C        D         E       F
            +---------+---------+-------+---------+---------+-------
      Total |  481964 |  493000 |  50.6 |    1452 |     889 |  38.0
            +---------+---------+-------+---------+---------+-------
        D:1 |      11 |       0 |   0.0 |       7 |       0 |   0.0
        D:2 |      61 |      19 |  23.8 |      23 |       1 |   4.2
        D:3 |     124 |       0 |   0.0 |      24 |       0 |   0.0
        D:4 |     216 |       3 |   1.4 |      24 |       1 |   4.0
        D:5 |     591 |      15 |   2.5 |      32 |       7 |  17.9
        D:6 |     570 |     173 |  23.3 |      24 |       3 |  11.1
        D:7 |    1326 |     629 |  32.2 |      29 |       6 |  17.1
        D:8 |     214 |     345 |  61.7 |       7 |       1 |  12.5
        D:9 |    2694 |       0 |   0.0 |      28 |       0 |   0.0
       D:10 |    1838 |       0 |   0.0 |      19 |       0 |   0.0
       D:11 |    3200 |     956 |  23.0 |      24 |       6 |  20.0
       D:12 |    4361 |       0 |   0.0 |      25 |       0 |   0.0
       D:13 |    6240 |    5514 |  46.9 |      40 |      19 |  32.2
       D:14 |    6476 |    2954 |  31.3 |      26 |      12 |  31.6
       D:15 |    7384 |    3174 |  30.1 |      17 |      12 |  41.4
     Lair:1 |    1373 |    1454 |  51.4 |      10 |       3 |  23.1
     Lair:2 |    3571 |    1043 |  22.6 |      14 |       5 |  26.3
     Lair:3 |    1927 |    1549 |  44.6 |      10 |      22 |  68.8
     Lair:4 |    1854 |    6539 |  77.9 |      11 |      22 |  66.7
     Lair:5 |    5257 |       0 |   0.0 |      23 |       0 |   0.0
     Lair:6 |    3867 |   10667 |  73.4 |       8 |      27 |  77.1
    Swamp:1 |    8692 |       0 |   0.0 |      34 |       0 |   0.0
    Swamp:2 |   10246 |       0 |   0.0 |      34 |       0 |   0.0
    Swamp:3 |   12903 |     301 |   2.3 |      38 |       3 |   7.3
    Swamp:4 |   13859 |   13420 |  49.2 |      37 |      28 |  43.1
    Snake:1 |    5937 |    3833 |  39.2 |      14 |       8 |  36.4
    Snake:2 |   10458 |    2293 |  18.0 |      23 |       6 |  20.7
    Snake:3 |    9594 |    3070 |  24.2 |      37 |       6 |  14.0
    Snake:4 |   15360 |   26321 |  63.1 |      55 |      60 |  52.2
      Orc:1 |    2836 |    1843 |  39.4 |      34 |      12 |  26.1
      Orc:2 |    3612 |    4551 |  55.8 |      50 |      40 |  44.4
      Elf:1 |    8450 |   12633 |  59.9 |      17 |      21 |  55.3
      Elf:2 |   20536 |   23336 |  53.2 |      41 |      41 |  50.0
      Elf:3 |   20305 |   29456 |  59.2 |      45 |      30 |  40.0
   Vaults:1 |   15761 |   21298 |  57.5 |      41 |      39 |  48.8
   Vaults:2 |   14367 |   22755 |  61.3 |      36 |      70 |  66.0
   Vaults:3 |   18332 |   17186 |  48.4 |      51 |      49 |  49.0
   Vaults:4 |   13782 |   18552 |  57.4 |      31 |      30 |  49.2
   Vaults:5 |   29029 |   94558 |  76.5 |      54 |      91 |  62.8
   Depths:1 |    9349 |   21350 |  69.5 |      28 |      26 |  48.1
   Depths:2 |    3343 |   68944 |  95.4 |       9 |      75 |  89.3
   Depths:3 |   42887 |   36835 |  46.2 |      71 |      37 |  34.3
   Depths:4 |   22237 |   22657 |  50.5 |      29 |      46 |  61.3
   Depths:5 |   39440 |    5681 |  12.6 |      50 |       8 |  13.8
    Abyss:1 |   49598 |       0 |   0.0 |     102 |       0 |   0.0
    Abyss:2 |     539 |       0 |   0.0 |       3 |       0 |   0.0
    Abyss:3 |    5442 |    7093 |  56.6 |      13 |      16 |  55.2
    Abyss:4 |   20587 |       0 |   0.0 |      48 |       0 |   0.0
    Abyss:5 |    1328 |       0 |   0.0 |       2 |       0 |   0.0
            +---------+---------+-------+---------+---------+-------
